 Dungeon Crawl Stone Soup version 0.13-a0-1614-gd69a504 (webtiles) character file.

70952 Infinimo the Phalangite (level 14, -2/97 HPs)
             Began as a Djinni Berserker on June 15, 2013.
             Was the Champion of Trog.
             Slain by a sixfirhy (9 damage)
             ... summoned by an orc high priest
             ... on Level 4 of the Orcish Mines.
             The game lasted 01:07:00 (32201 turns).

Infinimo the Phalangite (Djinni Berserker)         Turns: 32201, Time: 01:07:00

HP  -2/97        AC 24     Str 20      XL: 14   Next: 85%
MP   0/0         EV 17     Int 18      God: Trog [******]
Gold 1476        SH  8     Dex 17      Spells:  0 memorised, 13 levels left

Res.Fire  : + + +   See Invis. : .   v - +9,+6 lance "Wyrmbane" {slay drac, +Rage r Res.Cold : . . . Warding : . w - +1 mottled dragon armour Life Prot.: + + + Conserve : . M - +0 buckler
Res.Poison: +       Res.Corr.  : +   k - +2 orc helmet
Res.Elec. : .       Clarity    : .   J - +0 cloak "Khogon" {Dex+4 Int+3}
Sust.Abil.: . .     Spirit.Shd : .   r - +2 pair of gauntlets
Res.Mut.  : .       Stasis     : .   (boots unavailable)
Res.Rott. : .       Flight     : .   y - amulet of resist corrosion
Saprovore : . . .                    G - ring of ice
                                     p - ring "Niethriu" {Str+2 Dex+1 Int+1}

@: very slightly contaminated, somewhat resistant to hostile enchantments,
unstealthy
A: Int +1
a: Burn Spellbooks, Berserk, Trog's Hand, Brothers in Arms, Renounce Religion,
Evoke Berserk Rage


You were on level 4 of the Orcish Mines.
You worshipped Trog.
Trog was exalted by your worship.
You were not hungry.

You visited 3 branches of the dungeon, and saw 25 of its levels.
You also visited: Labyrinth.

You collected 2621 gold pieces.
You spent 1165 gold pieces at shops.

Inventory:

Hand weapons
 v - the +9,+6 lance "Wyrmbane" (weapon) {slay drac, +Rage rPois rF+ AC+5}
   (You found it in a labyrinth)

   This legendary weapon is deadly to all dragonkind.
   It also provides some protection from the breath attacks of dragons and other
   creatures.
   It affects your AC (+5).
   It protects you from fire.
   It protects you from poison.
   It lets you go berserk.
Armour
 k - a +2 orcish helmet (worn)
 r - a +2 pair of gauntlets (worn)
 w - a +1 mottled dragon armour (worn)
 J - the +0 cloak "Khogon" (worn) {Dex+4 Int+3}
   (You acquired it on level 4 of the Lair of Beasts)

   It affects your intelligence (+3).
   It affects your dexterity (+4).
 M - a +0 buckler (worn)
Magical devices
 j - a wand of flame (17)
 n - a wand of invisibility (4) {unknown}
 t - a wand of cold (7) {unknown}
 B - a wand of disintegration (6)
 F - a wand of teleportation (4)
 I - a wand of hasting (4)
 K - a wand of heal wounds (3)
Scrolls
 a - a scroll of magic mapping
 b - a scroll of enchant weapon II
 c - 2 scrolls of fog
 e - 5 scrolls of remove curse
 h - 2 scrolls of identify
 o - a scroll of enchant weapon I
 s - a scroll of teleportation
 u - a scroll of summoning
 C - a scroll of amnesia {unknown}
 D - a scroll of fear
 H - a scroll of vulnerability {unknown}
 L - a scroll of blinking
Jewellery
 i - an uncursed ring of sustain abilities
 p - the ring "Niethriu" (left hand) {Str+2 Dex+1 Int+1}
   (You found it in a labyrinth)

   [ring of strength]

   It affects your strength (+2).
   It affects your intelligence (+1).
   It affects your dexterity (+1).
 y - an amulet of resist corrosion (around neck)
 G - a ring of ice (right hand)
Potions
 d - 3 potions of might
 f - 11 potions of curing
 g - a potion of restore abilities
 l - 3 potions of magic
 q - 3 potions of heal wounds
 x - a potion of invisibility
 z - 2 potions of speed
 A - a potion of resistance


   Skills:
 - Level 2.6 Fighting
 * Level 23.6 Polearms
 - Level 13.0 Armour
 + Level 9.8 Dodging


You had 13 spell levels left.
You didn't know any spells.

Dungeon Overview and Level Annotations

Branches:
Dungeon (13/27)            Temple (0/1) D:4             Orc (4/4) D:7
    Elf (0/3) Orc:4          Lair (8/8) D:13         Shoals (0/5) Lair:6
  Snake (0/5) Lair:5        Slime (0/6) Lair:8

Altars:
Ashenzari
Cheibriados
Elyvilon
Fedhas
Makhleb
Nemelex Xobeh
Sif Muna
Trog
Vehumet
Yredelemnul
Zin
the Shining One

Shops:
D:4: ?%*% Orc:2: ?(/+[ Orc:4: +

Annotations
D:13 Sonja


Innate Abilities, Weirdness & Mutations

You are immune to all types of fire, even holy and hellish.
You are vulnerable to cold.
You need no food.
You have no legs.
Your mind is acute (Int +1).


Message History

The sixfirhy hits you! The sixfirhy shocks you! The sixfirhy hits you.
The sixfirhy shocks you!
* * * LOW HITPOINT WARNING * * *
The orc high priest mumbles some strange prayers to Beogh.
The ynoxinul gestures.
The ynoxinul gestures.
The sixfirhy hits you!
* * * LOW HITPOINT WARNING * * *
The sixfirhy shocks you!
* * * LOW HITPOINT WARNING * * *
Read which item? (? for menu, Esc to quit)
Blink to where?
Press: ? - help, Dir - move target cursor, p - orc high priest
As you read the scroll of blinking, it crumbles to dust.
You are very lightly contaminated with residual magic.
You block the sixfirhy's attack. The sixfirhy hits you.
* * * LOW HITPOINT WARNING * * *
The sixfirhy shocks you!
You die...

................................#
................................#
.).)54.......................#.##
#)...####...................####
)[[### ##.5............#....##
[..# ##.5.......).[.......# 5..#
#..................### ยง.##
##...................## #.#
#...4@...............# #.#
#...4.......<........# ###
#...[................. # .
#.........#........... ##


oz. #.#......##..........# z# oZ.. #..#....#...........## .##
zoo4###.#.#.......##......# ..##..z..#....)........#......##
.......###..............#.....### You could see 2 sixfirhies and 2 ufetubi.

Vanquished Creatures
  An acid blob (Lair:8)
  An orc warlord (Orc:4)
  A minotaur (Lab)
  Fannar (Lair:2)
  Erica (Lair:2)
  A wolf spider zombie (D:13)
  2 centaur warriors (D:13)
  A catoblepas (Lair:4)
  5 skeletal warriors (D:11)
  The ghost of Koal the Grappler, an experienced TrCj of Ashenzari (D:8)
  The ghost of 4tharraofdagon the Thaumaturge, an experienced DjFE of Vehumet (Lair:4)
  A sea snake (Lair:6)
  2 orc knights (Orc:4)
  2 hill giants
  Pikel (D:4)
  An orc sorcerer (Orc:3)
  An oklob plant (Lair:3)
  A hydra skeleton (D:12)
  4 cyclopes
  4 black mambas
  2 spriggan druids (Lair:8)
  An elephant slug (Lair:5)
  5 slime creatures
  11 spiny frogs
  A feature mimic (Lair:4)
  3 ugly things
  2 queen bees
  A polar bear (Lair:8)
  3 trolls
  6 komodo dragons
  7 spriggans (Lair:8)
  2 two-headed ogres
  12 blink frogs
  3 basilisks
  3 wyverns
  31 yaks
  3 sharks (Lair:6)
  6 grizzly bears
  A shadow (D:12)
  4 hungry ghosts
  2 fire drakes
  12 hippogriffs
  17 war dogs
  Edmund (D:6)
  2 manticores
  2 boulder beetles
  2 mottled dragons
  A manticore zombie (D:12)
  A wyvern skeleton (D:13)
  2 phantoms
  A yak zombie (D:12)
  A giant goldfish (Lair:6)
  A hippogriff zombie (D:2)
  8 ice beasts
  A cyclops skeleton (D:12)
  20 orc warriors
  7 centaurs
  A troll zombie (D:10)
  2 sky beasts
  7 ogres
  8 black bears (Lair:8)
  A yak skeleton (Orc:4)
  13 crocodiles
  4 slaves (D:3)
  Sigmund (D:5)
  20 wolves (Lair:8)
  A centaur zombie (D:12)
  18 giant frogs
  10 giant slugs
  3 wargs
  2 big kobolds
  8 water moccasins
  8 agate snails
  2 centaur skeletons
  A giant frog skeleton (D:5)
  An eye of draining (D:8)
  59 killer bees
  An electric eel (Lair:6)
  9 wights
  A pulsating lump (Lair:8)
  A sky beast zombie (D:9)
  6 crimson imps
  2 vampire bats (Lair:3)
  A goliath beetle (Lair:7)
  3 quasits
  10 hounds
  A big fish (Lair:6)
  Crazy Yiuf (D:3)
  7 iguanas
  20 orc priests
  2 scorpions
  A hound skeleton (D:6)
  31 orc wizards
  7 porcupines
  10 worker ants
  2 worker ant zombies
  17 sheep
  A jelly (D:9)
  A mummy (D:12)
  64 green rats
  31 adders
  5 giant centipedes
  2 giant mites
  An adder skeleton (D:9)
  5 worms
  A bat zombie (D:6)
  5 giant eyeballs
  10 giant geckos
  An ooze (D:1)
  176 orcs
  2 ball pythons
  34 bats
  A giant cockroach (D:2)
  30 goblins
  18 hobgoblins
  32 jackals
  A giant gecko skeleton (D:4)
  8 giant newts
  4 giant spores
  A hobgoblin zombie (D:7)
  19 kobolds
  A kobold skeleton (D:4)
  A kobold zombie (D:6)
  An orc skeleton (D:6)
  An orc zombie (Orc:4)
  6 quokkas
  27 rats
  4 rat skeletons (Orc:4)
  16 ballistomycetes
1034 creatures vanquished.

Vanquished Creatures (collateral kills)
  5 hydras
  A spiny frog (Lair:7)
  A basilisk (Lair:7)
  A yak (Lair:7)
  A giant frog (Lair:7)
  A water moccasin (Lair:7)
  An adder (Lair:7)
11 creatures vanquished.

Vanquished Creatures (others)
  An orc wizard (Orc:4)
  2 green rats (Lair:4)
  3 orcs
  A hobgoblin (D:6)
  A jackal (Lair:4)
  A bat (Lair:4)
  9 giant spores
  A kobold (D:13)
  A quokka (D:12)
  4 rat skeletons (Orc:4)
  6 ballistomycetes
  5 fungi
  7 plants (Lair:8)
42 creatures vanquished.

Grand Total: 1087 creatures vanquished

Notes
Turn   | Place    | Note
--------------------------------------------------------------
     0 | D:1      | Infinimo, the Djinni Berserker, began the quest for the Orb.
     0 | D:1      | Reached XP level 1. HP: 16/16 MP: 0/0
   114 | D:1      | Reached skill level 4 in Polearms
   114 | D:1      | Reached XP level 2. EP: 8/22
   637 | D:1      | Acquired Trog's second power
   713 | D:1      | Reached XP level 3. EP: 19/28
  1071 | D:2      | Reached skill level 5 in Polearms
  1452 | D:2      | Reached XP level 4. EP: 21/35
  2000 | D:2      | Noticed a hippogriff zombie
  2016 | D:2      | Killed a hippogriff zombie
  2016 | D:2      | Reached skill level 6 in Polearms
  2016 | D:2      | Reached XP level 5. EP: 40/40
  2350 | D:3      | Found a snail-covered altar of Cheibriados.
  2416 | D:3      | Noticed Crazy Yiuf
  2440 | D:3      | Killed Crazy Yiuf
  2440 | D:3      | Reached skill level 7 in Polearms
  2776 | D:3      | Found a glowing silver altar of Zin.
  2901 | D:3      | Reached XP level 6. EP: 47/47
  2940 | D:4      | Found Yterr's Food Emporium.
  2940 | D:4      | Noticed a slave
  2940 | D:4      | Noticed a slave
  2941 | D:4      | Noticed Pikel
  2983 | D:4      | Noticed a slave
  2994 | D:3      | Killed a slave
  3008 | D:3      | Killed a slave
  3064 | D:3      | Killed a slave
  3120 | D:4      | Noticed a slave
  3120 | D:4      | Found Priah's Magic Scroll Boutique.
  3145 | D:3      | Killed a slave
  3174 | D:3      | Acquired Trog's third power
  3221 | D:4      | Killed Pikel
  3221 | D:4      | Reached skill level 9 in Polearms
  3221 | D:4      | Reached XP level 7. EP: 53/53
  3250 | D:4      | Bought a scroll of teleportation for 42 gold pieces
  3250 | D:4      | Bought a scroll of recharging for 77 gold pieces
  3251 | D:4      | Bought a scroll of identify for 28 gold pieces
  3251 | D:4      | Bought a scroll of identify for 28 gold pieces
  3284 | D:4      | Found Rokezxin's Assorted Antiques.
  3353 | D:4      | Found a glowing golden altar of the Shining One.
  3398 | D:4      | Found a staircase to the Ecumenical Temple.
  3484 | D:4      | Found Qairchao's Food Boutique.
  3511 | D:4      | Reached skill level 10 in Polearms
  3689 | D:4      | Noticed an ice beast
  3704 | D:4      | Killed an ice beast
  3704 | D:4      | Reached XP level 8. EP: 58/60
  3953 | D:5      | Entered Level 5 of the Dungeon
  4023 | D:5      | Noticed Sigmund
  4595 | D:5      | Killed Sigmund
  4862 | D:5      | Found a deep blue altar of Sif Muna.
  5029 | D:5      | Found a radiant altar of Vehumet.
  5363 | D:5      | Reached skill level 11 in Polearms
  5411 | D:5      | Gained mutation: Your mind is acute (Int +1). [potion of beneficial mutation]
  5509 | D:6      | Paralysed by a giant eyeball for 4 turns
  5585 | D:6      | Found a burning altar of Makhleb.
  5648 | D:6      | Noticed Edmund
  5657 | D:6      | Killed Edmund
  5952 | D:6      | Reached XP level 9. EP: 61/65
  6067 | D:6      | Reached skill level 12 in Polearms
  6780 | D:7      | Found a bloodstained altar of Trog.
  7155 | D:7      | Reached skill level 5 in Armour
  7159 | D:7      | Found a staircase to the Orcish Mines.
  7206 | D:7      | Paralysed by a giant eyeball for 2 turns
  7458 | D:8      | Reached skill level 13 in Polearms
  7496 | D:8      | Received a gift from Trog
  7702 | D:8      | Found a snail-covered altar of Cheibriados.
  7857 | D:8      | Reached XP level 10. EP: 70/72
  7885 | D:8      | Noticed Koal's ghost (experienced TrCj)
  7897 | D:8      | Killed Koal's ghost
  7947 | D:8      | Found a sparkling altar of Nemelex Xobeh.
  8055 | D:8      | Reached skill level 14 in Polearms
  9611 | D:10     | Entered Level 10 of the Dungeon
  9685 | D:10     | Found a shattered altar of Ashenzari.
  9720 | D:10     | Reached skill level 15 in Polearms
  9913 | D:10     | Received a gift from Trog
 10422 | D:10     | Reached XP level 11. EP: 46/78
 10705 | D:10     | Noticed a hill giant
 10713 | D:10     | Killed a hill giant
 10913 | D:11     | Reached skill level 16 in Polearms
 11422 | D:11     | Reached skill level 10 in Armour
 11878 | D:11     | Found a basalt altar of Yredelemnul.
 11913 | D:11     | Reached skill level 17 in Polearms
 12130 | D:11     | Noticed a skeletal warrior
 12152 | D:11     | Killed a skeletal warrior
 12213 | D:11     | Noticed a skeletal warrior
 12213 | D:11     | Noticed a skeletal warrior
 12231 | D:11     | Killed a skeletal warrior
 12239 | D:11     | Killed a skeletal warrior
 12282 | D:11     | Noticed a skeletal warrior
 12285 | D:11     | Noticed a skeletal warrior
 12299 | D:11     | Killed a skeletal warrior
 12308 | D:11     | Killed a skeletal warrior
 12563 | D:12     | Reached XP level 12. EP: 80/84
 12831 | D:12     | Reached skill level 18 in Polearms
 12959 | D:12     | Found a white marble altar of Elyvilon.
 13696 | D:13     | Paralysed by you for 6 turns
 13701 | D:13     | Noticed a centaur warrior
 14473 | D:13     | Found a staircase to the Lair.
 14724 | D:12     | Received a gift from Trog
 15007 | D:13     | Paralysed by a giant eyeball for 3 turns
 15201 | D:13     | Noticed a centaur warrior
 15526 | D:12     | Reached skill level 19 in Polearms
 15666 | D:13     | Killed a centaur warrior
 15844 | D:13     | Found a snail-covered altar of Cheibriados.
 15863 | D:13     | Killed a centaur warrior
 16536 | D:13     | Paralysed by a giant eyeball for 2 turns
 16540 | D:13     | Paralysed by a giant eyeball for 2 turns
 16550 | D:13     | Noticed Sonja
 17159 | Lair:1   | Entered Level 1 of the Lair of Beasts
 17167 | Lair:1   | Reached skill level 20 in Polearms
 17379 | Lair:1   | Received a gift from Trog
 17853 | Lair:2   | Noticed Erica
 17867 | Lair:2   | Killed Erica
 17872 | Lair:2   | Reached XP level 13. EP: 91/91
 17942 | Lair:2   | Noticed Fannar
 17952 | Lair:2   | Killed Fannar
 18768 | Lair:2   | Received a gift from Trog
 19162 | Lair:3   | Noticed a six-headed hydra
 19166 | Lair:3   | Killed an eight-headed hydra
 19424 | Lair:3   | Found a shattered altar of Ashenzari.
 19587 | Lair:3   | Reached skill level 5 in Dodging
 19753 | Lair:3   | Found a blossoming altar of Fedhas.
 20036 | Lair:3   | Noticed a seven-headed hydra
 20040 | Lair:3   | Killed an eight-headed hydra
 20040 | Lair:3   | Reached skill level 21 in Polearms
 20301 | Lair:4   | Found a staircase to the Snake Pit.
 20310 | Lair:4   | Noticed 4tharraofdagon's ghost (experienced DjFE)
 20318 | Lair:4   | Killed 4tharraofdagon's ghost
 20912 | Lair:4   | Identified a scroll of acquirement
 20913 | Lair:4   | Got a pitted cloak
 20917 | Lair:4   | Identified the +0 cloak "Khogon" {Dex+4 Int+3} (You acquired it on level 4 of the Lair of Beasts)
 20942 | Lair:4   | the staircase to the Snake Pit was a mimic.
 21011 | Lair:4   | Received a gift from Trog
 21613 | Lair:5   | Found a staircase to the Snake Pit.
 21883 | Lair:5   | Received a gift from Trog
 21886 | Lair:5   | Got a polished spear {god gift}
 21887 | Lair:5   | Identified the spear of the People {god gift, antimagic, +Rage +Fly} (Trog gifted it to you on level 5 of the Lair of Beasts)
 22523 | Lair:6   | Found a staircase to the Shoals.
 23591 | Lair:7   | Noticed a seven-headed hydra
 23597 | Lair:7   | Killed an eight-headed hydra
 23597 | Lair:7   | Reached skill level 22 in Polearms
 23864 | Lair:7   | Noticed an eight-headed hydra
 23876 | Lair:7   | Noticed an eight-headed hydra
 23879 | Lair:7   | Killed a nine-headed hydra
 23884 | Lair:7   | Killed a nine-headed hydra
 23999 | Lair:7   | Received a gift from Trog
 24097 | Lair:7   | Reached XP level 14. EP: 77/97
 24770 | Lair:8   | Entered Level 8 of the Lair of Beasts
 24994 | Lair:8   | Found a labyrinth entrance.
 25006 | Lab      | Entered a labyrinth
 25079 | Lab      | Got a warped jade ring
 25080 | Lab      | Identified the Handbook of the Freezing Traveller (You found it in a labyrinth)
 25118 | Lair:8   | Identified the ring "Niethriu" {Str+2 Dex+1 Int+1} (You found it in a labyrinth)
 25957 | Lair:8   | Received a gift from Trog
 26752 | Lair:8   | Found a staircase to the Slime Pits.
 27062 | Lair:8   | Received a gift from Trog
 27232 | Lair:8   | Reached skill level 23 in Polearms
 27502 | Lair:8   | Noticed an acid blob
 27534 | Lair:8   | Killed an acid blob
 28398 | Orc:1    | Entered Level 1 of the Orcish Mines
 28959 | Orc:2    | Found Soanlirr's Antique Weapon Shop.
 28964 | Orc:2    | Received a gift from Trog
 28977 | Orc:2    | Found Igrul's Magical Wand Emporium.
 29012 | Orc:2    | Found Klyrgh's Book Boutique.
 29017 | Orc:2    | Bought a wand of hasting (4) for 528 gold pieces
 29017 | Orc:2    | Bought a wand of heal wounds (3) for 462 gold pieces
 29277 | Orc:2    | Found Qigg's Armour Boutique.
 29327 | Orc:2    | Found Qoquom's Magic Scroll Emporium.
 30855 | Orc:4    | Entered Level 4 of the Orcish Mines
 30855 | Orc:4    | Found Thriweisi's Book Emporium.
 30888 | Orc:4    | Received a gift from Trog
 30944 | Orc:4    | Found a staircase to the Elven Halls.
 31455 | Orc:4    | Noticed an orc warlord
 31493 | Orc:4    | Killed an orc warlord
 31717 | Orc:4    | Received a gift from Trog
 32201 | Orc:4    | Slain by a sixfirhy

Action                   |  1- 3 |  4- 6 |  7- 9 | 10-12 | 13-15 || total
-------------------------+-------+-------+-------+-------+-------++-------
Melee: Spear             |   187 |   283 |   335 |       |       ||   805
       Trident           |       |       |   366 |   294 |       ||   660
       Glaive            |       |       |       |   590 |       ||   590
       Halberd           |       |       |       |    15 |       ||    15
       Bardiche          |       |       |       |   411 |  1159 ||  1570
       Lance             |       |       |       |       |   732 ||   732
Invok: Berserk           |     2 |     7 |     9 |    18 |    19 ||    55
       Trog's Hand       |       |     2 |     1 |     1 |     3 ||     7
       Brothers in Arms  |       |       |       |       |     4 ||     4
Evoke: Wand              |       |       |       |     7 |     1 ||     8
  Use: Scroll            |       |     8 |     9 |    14 |    19 ||    50
       Potion            |       |       |     1 |       |     1 ||     2
 Stab: Sleeping          |     1 |       |       |       |     2 ||     3
       Held in net/web   |       |       |       |       |     1 ||     1
       Distracted        |       |       |       |       |     1 ||     1
